 Dungeon Crawl Stone Soup version 0.24-a0-307-gf989941 (webtiles) character file.

Game seed: 9422500091085589404

87 mhoghedin the Grave Robber (level 4, -2/33 HPs)
             Began as a Demigod Necromancer on May 9, 2019.
             Slain by Natasha (6 damage)
             ... on level 2 of the Dungeon on May 12, 2019.
             The game lasted 00:06:20 (2579 turns).

mhoghedin the Grave Robber (Demigod Necromancer)    Turns: 2579, Time: 00:06:20

Health: -2/33      AC:  3    Str: 11    XL:     4   Next: 7%
Magic:  11/11      EV: 12    Int: 21    God:
Gold:   102        SH:  0    Dex: 16    Spells: 4/9 levels left

rFire    . . .     SeeInvis .   j - +0 dagger
rCold    . . .     Gourm    .   (no shield)
rNeg     . . .     Faith    .   a - +1 robe
rPois    .         Spirit   .   (no helmet)
rElec    .         Reflect  .   (no cloak)
rCorr    .         Harm     .   (no gloves)
MR       .....                  (no boots)
Stlth    ++........             (no amulet)
HPRegen  0.11/turn              (no ring)
MPRegen  0.12/turn              (no ring)

@: very slightly contaminated, invisible (expiring)
A: high mp 1
a: no special abilities


You were on level 2 of the Dungeon.
You were not hungry.

You visited 1 branch of the dungeon, and saw 2 of its levels.

You collected 102 gold pieces.

Inventory:

Hand Weapons
 j - a +0 dagger (weapon)
   (You took it off a kobold on level 1 of the Dungeon)
Armour
 a - a +1 robe (worn)
Scrolls
 b - 4 scrolls of remove curse
 d - 2 scrolls of teleportation
 g - 2 scrolls of identify
 l - a scroll of magic mapping {unknown}
 m - a scroll of noise {unknown}
Potions
 e - a potion of degeneration {!q}
Comestibles
 c - 8 rations
 f - 6 chunks of flesh {@w0}


   Skills:
 - Level 1.7 Dodging
 - Level 1.7 Stealth
 + Level 3.1 Spellcasting
 + Level 4.3 Necromancy


You had 4 spell levels left.
You knew the following spells:

 Your Spells              Type           Power        Failure   Level  Hunger
a - Pain                  Necr           ###.         2%          1    None
x - Vampiric Draining     Necr           ###.......   6%          3    ###....
A - Animate Skeleton      Necr           N/A          2%          1    None

Your spell library contained the following spells:

 Spells                   Type           Power        Failure   Level  Hunger
 Regeneration             Chrm/Necr      ##........   16%         3    ###....
 Animate Dead             Necr           N/A          22%         4    ####...


Dungeon Overview and Level Annotations

Branches:
Dungeon (2/15)

Annotations:
D:2 Natasha


Innate Abilities, Weirdness & Mutations

You have an increased reservoir of magic. (+10% MP)


Message History

You attempt to give life to the dead...
Before your eyes, flesh is ripped from the corpse!
The dead are walking!
f - 7 chunks of flesh {@w0} (gained 2)
You now have 7/10 mp.
Eating one of 7 chunks of flesh {@w0}.
You eat one of the 7 chunks of flesh {@w0}.
You swap places.
You swap places.
f - 7 chunks of flesh {@w0} (gained 1)
You swap places.
You now have 85 gold pieces (gained 6).
You now have 102 gold pieces (gained 17).
You swap places.
You swap places.
You swap places.
Some of the chunks of flesh in your inventory have rotted away.
You swap places.
You swap places.
Your adder skeleton crumbles into dust!
g - 3 scrolls of identify (gained 1)
Found an ornate altar of the Wu Jian Council.
Health restored: 26; MP restored: 10 An adder comes into view.
The adder moves out of view.
g - 4 scrolls of identify (gained 1)
The adder is too close now for your liking.
Natasha, Servant of Life and Death comes into view.
You aren't carrying any items that you can evoke.
Okay, then.
Unknown command.
As you read the scroll of identify, it crumbles to dust.
e - a potion of degeneration
As you read the scroll of identify, it crumbles to dust.
i - a potion of invisibility Natasha hisses angrily.
You fade into invisibility!
You are very lightly contaminated with residual magic.
Unknown command.
You strike the helpless adder from behind!
You puncture the adder! The adder closely misses you.
You strike the helpless adder from behind!
You puncture the adder!
You kill the adder!
You have reached level 4!
Health restored: 33; MP restored: 11 Natasha completely misses you.
You closely miss Natasha. Natasha claws you.
You take 3 damage, and have 30/33 hp.
You closely miss Natasha. Natasha claws you.
Your leopard gecko skeleton bites Natasha but does no damage.
You take 6 damage, and have 24/33 hp.
You hit Natasha. Natasha claws you.
Your leopard gecko skeleton bites Natasha.
You take 2 damage, and have 22/33 hp.
You swap places.
Natasha claws your goblin skeleton!
Your goblin skeleton is destroyed!
Your leopard gecko skeleton bites Natasha.
You swap places.
Natasha casts a spell at you.
The magic dart hits your frilled lizard skeleton!
Your frilled lizard skeleton is destroyed!
Your leopard gecko skeleton closely misses Natasha.
You swap places.
Natasha claws something.
You swap places.
Natasha closely misses your leopard gecko skeleton.
Your leopard gecko skeleton barely misses Natasha.
Natasha barely misses your leopard gecko skeleton.
Your leopard gecko skeleton barely misses Natasha.
Natasha barely misses your leopard gecko skeleton.
Your leopard gecko skeleton closely misses Natasha.
Natasha barely misses your leopard gecko skeleton.
Your leopard gecko skeleton bites Natasha.
Natasha casts a spell.
Your leopard gecko skeleton bites Natasha.
Your kobold skeleton crumbles into dust!
Natasha mumbles some strange words.
Your leopard gecko skeleton closely misses Natasha.
You flicker for a moment.
Natasha claws your leopard gecko skeleton.
Your leopard gecko skeleton is destroyed!
Natasha casts a spell at you. The magic dart hits you!
You hear a shout!
You take 7 damage, and have 16/33 hp.
MASSIVE DAMAGE!!
Natasha claws you.
You take 5 damage, and have 11/33 hp.
Unknown command.
You hit Natasha but do no damage. Natasha closely misses you.
You hit Natasha but do no damage. Natasha claws you!
* * * LOW HITPOINT WARNING * * *
You take 7 damage, and have 4/33 hp.
MASSIVE DAMAGE!!
Okay, then.
Unknown command.
As you read the scroll labeled ORCHET WIOFUPUDD, it crumbles to dust.
It is a scroll of enchant armour.
Your +0 robe glows green for a moment.
Natasha claws you.
You die...

###.........#.....
..'.........'.# ###
###...........# ###
...#.......#..#######
##Z##.....###.'.._..'
##.###...## #.###.###
##.# ##'## #.# #.#
##.# #.# #.###'###..#
Z..# #.# #...@......#
####
#.#######h####...#
####...........5# ##
.....#......###5#
####.....# #.# #.#
#.# #.# ..# #.# #.#
#.# #.#


You could see Natasha, a crimson imp and a white imp (wandering).

Vanquished Creatures
  5 adders (D:2)
  An ooze (D:2)
  2 worms (D:2)
  A dart slug (D:1)
  2 giant cockroaches
  4 hobgoblins
  3 bats
  3 frilled lizards
  4 goblins
  4 kobolds
  9 rats
38 creatures vanquished.

Vanquished Creatures (collateral kills)
  A leopard gecko (D:2)
1 creature vanquished.

Grand Total: 39 creatures vanquished

Notes
Turn   | Place    | Note
-------+----------+-------------------------------------------
     0 | D:1      | mhoghedin the Demigod Necromancer began the quest for the
                  | Orb.
     0 | D:1      | Reached XP level 1. HP: 14/14 MP: 5/5
   361 | D:1      | Reached skill level 2 in Spellcasting
   597 | D:1      | Reached XP level 2. HP: 15/20 MP: 2/7
  1045 | D:1      | Learned a level 1 spell: Animate Skeleton
  1821 | D:2      | Reached skill level 4 in Necromancy
  1821 | D:2      | Reached XP level 3. HP: 9/26 MP: 2/9
  1822 | D:2      | HP: 3/26 [adder (4)]
  1822 | D:2      | HP: 1/26 [adder (2)]
  2142 | D:2      | Reached skill level 3 in Spellcasting
  2155 | D:2      | Learned a level 3 spell: Vampiric Draining
  2352 | D:2      | Upgraded the game from 0.24-a0-291-g79c1ce7 to
                  | 0.24-a0-307-gf989941
  2547 | D:2      | Found an ornate altar of the Wu Jian Council.
  2554 | D:2      | Noticed Natasha
  2559 | D:2      | Reached XP level 4. HP: 33/33 MP: 11/11
  2578 | D:2      | HP: 4/33 [Natasha (7)]
  2579 | D:2      | Slain by Natasha

Levels and vault maps discovered:
D:1:      dpeg_arrival_tiny_a, layout_basic, lemuel_old_faithful
D:2:      layout_loops_corners, lemuel_doored_altar, uniq_natasha

Skill      XL: |  1  2  3 |
---------------+----------+-----
Spellcasting   | 2 3 |  3.1
Necromancy     | 4 |  4.3
Dodging        | |  1.7
Stealth        | |  1.7

Action                   |  1- 3 |  4- 6 || total
-------------------------+-------+-------++-------
Melee: Dagger            |    23 |     5 ||    28
 Cast: Pain              |    76 |       ||    76
       Animate Skeleton  |     6 |       ||     6
       Vampiric Draining |     2 |       ||     2
  Use: Scroll            |     4 |     1 ||     5
       Potion            |     5 |       ||     5
 Stab: Invisible         |     2 |       ||     2
  Eat: Ration            |     1 |       ||     1
       Chunk             |     2 |       ||     2
Armor: Robe              |     8 |       ||     8
Dodge: Dodged            |    26 |     2 ||    28

Table legend:
 A = Non-vault XP
 B = Vault XP
 C = Vault XP percentage of total XP
 D = Non-vault monster count
 E = Vault monster count
 F = Vault count percentage of total count
                 A         B        C        D         E       F
            +---------+---------+-------+---------+---------+-------
      Total |     125 |       0 |   0.0 |      39 |       0 |   0.0
            +---------+---------+-------+---------+---------+-------
        D:1 |      23 |       0 |   0.0 |      16 |       0 |   0.0
        D:2 |     102 |       0 |   0.0 |      23 |       0 |   0.0
            +---------+---------+-------+---------+---------+-------

Levels and vault maps discovered:
D:1:      dpeg_arrival_tiny_a, layout_basic, lemuel_old_faithful
D:2:      layout_loops_corners, lemuel_doored_altar, uniq_natasha

Table legend:
 A = Turns spent in this place as a percentage of turns spent in the entire game.
 B = Non-inter-level travel turns spent in this place as a percentage of non-inter-level travel turns spent in the entire game.
 C = Inter-level travel turns spent in this place as a percentage of turns spent in this place.
 D = Turns resting spent in this place as a percentage of non-inter-level travel turns spent in this place.
 E = Turns spent auto-exploring this place as a percentage of non-inter-level travel turns spent in this place.
 F = Non-inter-level travel turns spent in this place divided by the number of levels of this place that you've seen.
                   A       B       C       D       E      F
               +-------+-------+-------+-------+-------+----------------------
         Total | 100.0 | 100.0 |   0.6 |  44.3 |  44.6 | 1282.0
       Dungeon | 100.0 | 100.0 |   0.6 |  44.3 |  44.6 | 1282.0
               +-------+-------+-------+-------+-------+----------------------

Table legend:
 A = Kills in this place as a percentage of kills in entire the game.
 B = Kills by you in this place as a percentage of kills by you in the entire game.
 C = Kills by friends in this place as a percentage of kills by friends in the entire game.
 D = Other kills in this place as a percentage of other kills in the entire game.
 E = Experience gained in this place as a percentage of experience gained in the entire game.
 F = Experience gained in this place divided by the number of levels of this place that you have seen.
                   A       B       C       D       E      F
               +-------+-------+-------+-------+-------+----------------------
         Total | 100.0 | 100.0 | 100.0 |   N/A | 100.0 |  62.5
       Dungeon | 100.0 | 100.0 | 100.0 |   N/A | 100.0 |  62.5
               +-------+-------+-------+-------+-------+----------------------
